 Dungeon Crawl Stone Soup version 0.31.0-32-g396128a36d (webtiles) character file.

Game seed: 8368965382549287077

110 jagang the Cutter (level 4, -4/35 HPs)
             Began as a Human Monk on Mar 15, 2024.
             Slain by Grinder (6 damage)
             ... on level 3 of the Dungeon.
             The game lasted 00:04:09 (2351 turns).

jagang the Cutter (Human Monk)                      Turns: 2351, Time: 00:04:11

Health: -4/35      AC: 15    Str: 11    XL:     4   Next: 91%
Magic:  4/4        EV:  2    Int: 11    God:
Gold:   242        SH:  0    Dex: 17    Spells: 3/3 levels left

rFire   . . .        t - +0 dagger (drain)
rCold   . . .        d - orb {light}
rNeg    . . .        l - +0 plate armour
rPois   .            (no helmet)
rElec   .            (no cloak)
rCorr   .            r - +0 pair of gloves
SInv    .            (no boots)
Will    .....        (no amulet) Stlth
                     p - +4 ring of protection
HPRegen 0.25/turn    (no ring)
MPRegen 0.09/turn

%: no passive effects
@: glowing
A: explore regen
a: no special abilities


You were on level 3 of the Dungeon.
You visited 1 branch of the dungeon, and saw 3 of its levels.

You collected 242 gold pieces.

Inventory:

Hand Weapons
 a - a +0 falchion
 e - a +1 dagger of venom
 t - a +0 dagger of draining (weapon)
Missiles
 j - 10 poisoned darts (quivered)
Armour
 d - an orb of light (worn)
 l - a +0 plate armour (worn)
 r - a +0 pair of gloves (worn)
 s - a +0 helmet
Jewellery
 p - a +4 ring of protection (left hand)
Scrolls
 b - 2 scrolls of blinking {unknown}
 h - 2 scrolls of fog {unknown}
 n - a scroll of poison {unknown}
 o - a scroll of identify
 q - a scroll of teleportation {unknown}
Potions
 c - a potion of ambrosia
 f - 3 potions of heal wounds
 g - a potion of curing {unknown}
 i - 2 potions of mutation {unknown}
 k - a potion of enlightenment {unknown}
 m - a potion of might {unknown}


   Skills:
 - Level 3.0 Fighting
 * Level 4.2(4.7) Short Blades
 - Level 3.2(4.2) Long Blades
 - Level 3.0 Dodging


You had 3 spell levels left.
You didn't know any spells.
Your spell library contained the following spells:

 Spells                   Type           Power      Damage    Failure   Level
 Apportation              Tloc           0%         N/A       100%        1
 Necrotise                Necr           0%         1d4       100%        1
 Sting                    Conj/Alch      0%         1d3       100%        1
 Summon Small Mammal      Summ           0%         N/A       100%        1
 Lesser Beckoning         Tloc           0%         N/A       100%        2
 Gell's Gravitas          Tloc           0%         N/A       100%        3
 Summon Ice Beast         Ice/Summ       0%         N/A       100%        3
 Teleport Other           Tloc           0%         N/A       100%        3
 Summon Mana Viper        Hex/Summ       0%         N/A       100%        5
 Monstrous Menagerie      Summ           0%         N/A       100%        7


Dungeon Overview and Level Annotations

Branches:
Dungeon (3/15)

Altars:

Shops:
D:1 (

Annotations:
D:3 Grinder


Innate Abilities, Weirdness & Mutations

You regain HP and MP as you explore.


Message History

Grinder hits you.
You writhe in agony.
You hit Grinder.
Grinder is lightly wounded.
Grinder hits you!
You closely miss Grinder.
Grinder is lightly wounded.
You hit Grinder.
Grinder is lightly wounded.
Grinder gestures at you.
You suddenly lose the ability to move!
Grinder hits you but does no damage. x2
Grinder hits you!
You writhe in agony.
You can move again.
You hit Grinder.
Grinder is lightly wounded.
Grinder hits you but does no damage.
You hit Grinder.
Grinder is moderately wounded.
Grinder hits you but does no damage.
You hit Grinder.
Grinder is moderately wounded.
You hit Grinder.
Grinder is heavily wounded.
Grinder hits you but does no damage.
You hit Grinder.
Grinder is heavily wounded.
Grinder hits you.
You writhe in agony.
* * * LOW HITPOINT WARNING * * *
You hit Grinder but do no damage.
Grinder is heavily wounded.
Grinder hits you but does no damage.
You completely miss Grinder.
Grinder is heavily wounded.
You hit Grinder but do no damage.
Grinder is heavily wounded.
Grinder hits you.
* * * LOW HITPOINT WARNING * * *
You writhe in agony.
You die...
Grinder says, "Now the real fun starts!"

### ########.#####
......5......###
#@.......# ##.#.#.#.#
#.......#
#####.#.#.#.#########
#................)...
#.###.#.#.#.#########
#...)...#
###.###.###############
...................>..#


You could see Grinder.

Vanquished Creatures
  An orc priest (D:3)
  Robin (D:3)
  An adder (D:2)
  A ribbon worm (D:2)
  4 bats
  5 endoplasms
  2 giant cockroaches (D:2)
  12 goblins
  6 hobgoblins
  4 jackals (D:2)
  4 kobolds
  3 quokkas
  A ball python (D:2)
  4 frilled lizards
  A rat (D:2)
50 creatures vanquished.

Notes
Turn   | Place    | Note
-------+----------+-------------------------------------------
     0 | D:1      | jagang the Human Monk began the quest for the Orb.
     0 | D:1      | Reached XP level 1. HP: 18/18 MP: 1/1
    32 | D:1      | Found Seic's Antique Weapon Shoppe.
   255 | D:1      | Reached skill level 1 in Short Blades
   255 | D:1      | Reached XP level 2. HP: 16/24 MP: 2/2
   314 | D:1      | Found a faded altar of an unknown god.
   904 | D:2      | Reached skill level 2 in Short Blades
   955 | D:2      | Reached XP level 3. HP: 29/29 MP: 3/3
  1266 | D:2      | Reached skill level 3 in Short Blades
  2034 | D:3      | Reached XP level 4. HP: 35/35 MP: 4/4
  2079 | D:3      | Noticed Robin
  2104 | D:3      | Killed Robin
  2296 | D:3      | Reached skill level 4 in Short Blades
  2334 | D:3      | Noticed Grinder
  2334 | D:3      | Paralysed by Grinder for 2 turns
  2340 | D:3      | Paralysed by Grinder for 3 turns
  2351 | D:3      | Slain by Grinder

Illustrated notes

Levels and vault maps discovered:
D:1:      dpeg_arrival_round_a, layout_loops_ring, serial_shops,
          nicolae_shop_rolling_square, shapermc_ecumenical_altar_acropolis
D:2:      layout_basic, minmay_tetromino_i4
D:3:      layout_basic, serial_glass, glass_columns_a, glass_columns_b,
          glass_columns_b, glass_columns_b, glass_columns_c, uniq_grinder,
          uniq_robin

Skill      XL: |  1  2  3  4 |
---------------+-------------+-----
Short Blades   | 1 2 3 4 |  4.2
Fighting       | |  3.0
Long Blades    | |  3.2
Dodging        | |  3.0

Action                     |  1- 3 |  4- 6 || total
---------------------------+-------+-------++-------
  Melee: Falchion          |   114 |    26 ||   140
         Dagger            |       |    23 ||    23
    Use: Scroll            |     1 |       ||     1
 Armour: Robe              |    20 |       ||    20
         Plate armour      |    88 |    42 ||   130
  Dodge: Dodged            |    34 |       ||    34
